 Dungeon Crawl Stone Soup version 0.29-a0-866-g0545e20025 (console) character file.

Game seed: 11387192105793412161

87819 CannotBeFrozen the Fencer (level 15, -33/126 HPs)
             Began as a Demigod Fighter on July 16, 2022.
             Annihilated by Donald
             ... wielding a +2 antimagic long sword
              (42 damage)
             ... on level 2 of the Snake Pit on July 17, 2022.
             The game lasted 01:47:04 (34094 turns).

CannotBeFrozen the Fencer (Demigod Fighter)        Turns: 34094, Time: 01:47:04

Health: -33/126    AC: 17    Str: 21    XL:     15   Next: 5%
Magic:  0/23       EV: 18    Int: 18    God:
Gold:   1817       SH: 13    Dex: 24    Spells: 10/20 levels left

rFire   . . .      SeeInvis .   b - +7 Screaming Sword {vorpal, sonic wave}
rCold   . . .      Faith    .   D - +0 kite shield {AC+3}
rNeg    . . .      Spirit   +   M - +0 acid dragon scales
rPois   +          Reflect  .   l - +1 helmet
rElec   +          Harm     .   (no cloak)
rCorr   +          Rampage  .   i - +0 pair of gloves
Will    ++...                   S - +0 pair of boots
Stlth   ++........              J - amulet of guardian spirit
HPRegen 0.31/turn               B - ring of willpower
MPRegen 0.18/turn               h - ring of Suspected Treachery {rElec rPois Dex+3}

@: about to teleport
A: high MP 1, forlorn, divine attributes
a: no special abilities


You were on level 2 of the Snake Pit.
You visited 4 branches of the dungeon, and saw 22 of its levels.
You also visited: Sewer, Bailey and Gauntlet.

You collected 2653 gold pieces.
You spent 836 gold pieces at shops.

Inventory:

Hand Weapons
 a - a +3 scimitar of flaming
 b - the +7 Screaming Sword (weapon) {vorpal, sonic wave}
   (You acquired it on level 8 of the Dungeon)

   It inflicts extra damage upon your enemies.
   It radiates damaging sonic waves as it strikes, especially in combat
   involving dangerous or numerous foes.
Missiles
 j - 22 boomerangs
 n - 21 javelins
 s - 11 curare-tipped darts {=f=F}
 v - 33 poisoned darts (quivered)
Armour
 i - a +0 pair of gloves (worn)
 l - a +1 helmet (worn)
 D - a +0 kite shield of protection (worn)
 M - +0 acid dragon scales (worn)
 S - a +0 pair of boots (worn)
 T - a +4 plate armour of fire resistance
Jewellery
 c - an amulet of reflection
 h - the ring of Suspected Treachery (right hand) {rElec rPois Dex+3}
   (You bought it in a shop on level 2 of the Orcish Mines)

   [ring of poison resistance]

   Dex:       It affects your dexterity (+3).
   rElec:     It insulates you from electricity.
   rPois:     It protects you from poison.
 u - a ring of positive energy
 A - a ring of protection from cold
 B - a ring of willpower (left hand)
 C - a ring of resist corrosion
 F - a ring of flight
 J - an amulet of guardian spirit (around neck)
 K - a ring of poison resistance
 L - an amulet of magic regeneration
Wands
 x - a wand of paralysis (3)
 Q - a wand of flame (9)
 R - a wand of iceblast (6)
 V - a wand of acid (17)
Scrolls
 e - 10 scrolls of teleportation {@r2}
 t - 5 scrolls of identify {@r1}
 y - 3 scrolls of poison
 z - a scroll of brand weapon
 E - 6 scrolls of amnesia
 G - a scroll of fog
 I - 3 scrolls of immolation
 O - a scroll of enchant armour
 W - a scroll of fear
 Y - 3 scrolls of enchant weapon
Potions
 d - 5 potions of might
 f - 3 potions of attraction
 g - 3 potions of heal wounds {@q2}
 k - 2 potions of flight
 m - 6 potions of brilliance
 o - 2 potions of magic
 p - 2 potions of lignification
 q - 6 potions of mutation
 r - 3 potions of resistance
 w - 7 potions of haste
 H - 6 potions of curing {@q1}
 P - 3 potions of ambrosia
 X - 3 potions of invisibility
Miscellaneous
 Z - a box of beasts


   Skills:
 + Level 10.0 Fighting
 + Level 16.0 Long Blades
 + Level 10.0 Armour
 + Level 10.0 Dodging
 + Level 10.0 Shields
 - Level 3.0 Spellcasting
 - Level 5.0 Translocations
 - Level 3.0 Evocations


You had 10 spell levels left.
You knew the following spells:

 Your Spells              Type           Power      Damage    Failure   Level
b - Lesser Beckoning      Tloc           20%        N/A       17%         3
m - Manifold Assault      Tloc           20%        N/A       83%         5
z - Blink                 Tloc           40%        N/A       9%          2

Your spell library contained the following spells:

 Spells                   Type           Power      Damage    Failure   Level
 Necrotise                Necr           8%         1d4       41%         1
 Shock                    Conj/Air       8%         1d3       41%         1
 Sting                    Tmut/Pois      8%         1d3       41%         1
 Portal Projectile        Hex/Tloc       22%        N/A       43%         3
 Poisonous Vapours        Pois/Air       4%         N/A       54%         2
 Scorch                   Fire           4%         2d5       54%         2
 Conjure Flame            Conj/Fire      2%         6-21      78%         3
 Dazzling Flash           Conj/Hex       4%         N/A       78%         3
 Frozen Ramparts          Ice            4%         1d2       78%         3
 Ignite Poison            Fire/Tmut/Pois 2%         N/A       78%         3
 Ozocubu's Armour         Ice            2%         N/A       78%         3
 Swiftness                Air            2%         N/A       78%         3
 Tukima's Dance           Hex            2%         N/A       78%         3
 Vampiric Draining        Necr           2%         2d6       78%         3
 Airstrike                Air            1%         0-2+      99%         4
 Flame Wave               Conj/Fire      2%         2d4       99%         4
 Ice Form                 Ice/Tmut       2%         N/A       99%         4
 Leda's Liquefaction      Hex/Erth       1%         N/A       99%         4
 Olgreb's Toxic Radiance  Pois           2%         N/A       99%         4
 Sticky Flame             Conj/Fire      2%         2d3       99%         4
 Summon Ice Beast         Ice/Summ       2%         N/A       99%         4
 Agony                    Necr           2%         N/A       100%        5
 Blade Hands              Tmut           1%         N/A       100%        5
 Fireball                 Conj/Fire      1%         3d3       100%        5
 Irradiate                Conj/Tmut      1%         3d12      100%        5
 Lee's Rapid Deconstruct  Erth           1%         3d5*      100%        5
 Silence                  Hex/Air        1%         N/A       100%        5
 Dispersal                Tloc           10%        N/A       100%        6
 Starburst                Conj/Fire      1%         6d3       100%        6
 Statue Form              Tmut/Erth      1%         N/A       100%        6
 Summon Cactus Giant      Summ           1%         N/A       100%        6
 Dragon Form              Tmut           1%         N/A       100%        7
 Ozocubu's Refrigeration  Ice            1%         4d5       100%        7
 Disjunction              Tloc           10%        N/A       100%        8
 Ignition                 Fire           1%         3d3       100%        8


Dungeon Overview and Level Annotations

Branches:
Dungeon (12/15)            Temple (0/1) D:7            Lair (6/6) D:9
 Shoals (0/4) Lair:3        Snake (2/4) Lair:4          Orc (2/2) D:9
    Elf (0/3) Orc:2         Sewer (visited)          Bailey (visited)
Gauntlet (visited)
  Slime: Lair:5-6

Shops:
D:7 (   D:8 *   Orc:2 [:*(

Portals:
Abyss: Lair:6

Annotations:
D:11 exclusion: statue
Lair:6 exclusion: 3 oklob plants
Snake:2 Donald


Innate Abilities, Weirdness & Mutations

You have an increased reservoir of magic. (+10% MP)
You shall have no god before yourself.
Your divine heritage dramatically boosts your attributes as you level up.


Message History

Donald hits you with a +2 antimagic long sword!!!
* * * LOW MAGIC WARNING * * *;
* * * LOW HITPOINT WARNING * * *
You feel your power leaking away.
* * * LOW MAGIC WARNING * * *
You hear an angry hiss. x2; You hear a shout!
HP: 60/126 (-50) MP: 0/23 (-18) =====------- !!!
You escape the anaconda's grasp.
The anaconda misses you. You block the anaconda's attack. x2
The anaconda bites you but does no damage.
The anaconda misses you. The anaconda barely misses you.
You block the anaconda's attack. x2
Donald hits you with a +2 antimagic long sword!
* * * LOW HITPOINT WARNING * * *
The anaconda completely misses you.
The anaconda bites you but does no damage.
The anaconda grabs you.
You stop ascending the stairs.
The anaconda misses you. The anaconda constricts you.
HP: 50/126 (-10) ====--------
As you read the scroll of teleportation {@r2}, it crumbles to dust.
You feel strangely unstable. You block the anaconda's attack.
The anaconda bites you.
* * * LOW HITPOINT WARNING * * *
Donald hits you with a +2 antimagic long sword!
* * * LOW HITPOINT WARNING * * *
You feel your power leaking away.
* * * LOW MAGIC WARNING * * *
The anaconda loses its grip on you. The anaconda misses you.
The anaconda bites you!
* * * LOW HITPOINT WARNING * * *
The anaconda grabs you. The anaconda bites you!
* * * LOW HITPOINT WARNING * * *
The anaconda constricts you.
* * * LOW HITPOINT WARNING * * *
The anaconda bites you but does no damage. x2
You block Donald's attack.
The anaconda bites you but does no damage.
HP: 9/126 (-41) ------------ !!!
As you read the scroll of fear, it crumbles to dust.
You assume a fearsome visage.
Donald resists with almost no effort.
The anaconda looks frightened!
The salamander looks frightened!
The anaconda looks frightened!
The black mamba looks frightened!
The anaconda looks frightened! x3; The anaconda loses its grip on you.
Donald hits you with a +2 antimagic long sword!!!
You die...

.. ...# ##
.##..###.##
####.........#.
#...).......... ##.
.......>..... #....
...S....... .....
#S...##... .....
#.@.S.....
.S.S###@........
##..#..S.S..... ..
#(...N.#..$....
.....#.....#..#..^.
.....#S...##..#....
..........# ... ...
..........# ...# ..
##........# >..#
######..#.# #.###.#


You could see Donald (fast, strong), a salamander (fleeing), 5 anacondas and a
black mamba (fleeing).

Vanquished Creatures
  Gastronok (D:8)
  2 orc warlords
  The ghost of capka3m the Black Belt, a journeyman MeTm of Cheibriados (Lair:6)
  A minotaur (Gauntlet)
  The ghost of atomjack2 the Marksant, a journeyman FoAM of Zin (Lair:5)
  A spark wasp (shapeshifter) (Lair:6)
  A green death (Gauntlet)
  A salamander tyrant (Snake:1)
  Erica (Lair:2)
  2 boulder beetles
  7 hydras
  2 catoblepae
  3 anacondas (Snake:1)
  3 naga warriors (Snake:1)
  2 orc high priests
  3 thrashing horrors (Lair:6)
  A naga sharpshooter (Snake:1)
  Sonja (D:10)
  Urug (Orc:2)
  3 large abominations (Lair:6)
  5 salamander mystics (Snake:1)
  2 fire crabs
  A naga ritualist (Snake:1)
  A deep elf pyromancer (D:12)
  A manticore (D:12)
  4 mana vipers (Snake:1)
  6 orc sorcerers
  3 ugly things
  6 orc knights
  An oklob plant (Lair:6)
  A guardian serpent (Lair:4)
  8 salamanders (Snake:1)
  A cyclops (shapeshifter) (Lair:6)
  Joseph (D:8)
  6 elephants (Lair:5)
  10 black mambas
  3 torpor snails
  5 naga magi (Snake:1)
  A smoke demon (Lair:6)
  14 cane toads
  2 gargoyles (D:11)
  2 orange demons (Gauntlet)
  Maggie (D:8)
  5 rime drakes
  Psyche (D:8)
  14 komodo dragons
  3 kobold demonologists (D:12)
  A queen bee (Gauntlet)
  3 trolls
  2 ancient zymes (Lair:6)
  A polar bear (Lair:6)
  A raiju (Gauntlet)
  A dream sheep (Lair:6)
  25 blink frogs
  3 spriggans (Lair:1)
  A ynoxinul (Lair:6)
  A spriggan (shapeshifter) (Lair:6)
  2 wraiths
  3 wyverns
  A vampire (D:10)
  17 yaks
  7 basilisks
  A shadow (D:11)
  2 fire bats (Lair:4)
  3 fire elementals (Lair:4)
  2 chaos spawn (Lair:6)
  6 steam dragons
  4 vampire mosquitoes (D:11)
  6 nagas (Snake:1)
  16 water moccasins
  3 acid dragons
  A swamp drake (D:9)
  A sky beast (D:7)
  An ice beast (D:7)
  41 orc warriors
  3 black bears
  4 ogres
  6 wolves (Lair:2)
  9 centaurs
  Blork the orc (Orc:2)
  8 kobold brigands
  12 bullfrogs
  A necrophage (D:4)
  A gnoll sergeant (D:12)
  A scorpion (D:3)
  16 wights
  4 killer bees (Gauntlet)
  6 howler monkeys
  2 electric eels
  4 lava snakes (D:11)
  2 centaur zombies (D:6)
  9 small abominations (Lair:6)
  4 jellies
  6 hounds
  34 orc priests
  2 gnoll boudas
  3 iguanas
  Natasha (D:2)
  Terence (D:2)
  33 orc wizards
  Robin (D:2)
  22 gnolls
  4 adders
  4 river rats
  2 white imps (D:8)
  2 worms
  3 dart slugs
  84 orcs
  12 ball pythons
  4 bats
  8 endoplasms
  2 giant cockroaches
  15 goblins
  19 hobgoblins
  8 jackals
  3 quokkas
  4 frilled lizards
  30 kobolds
  4 rats
  A butterfly (Lair:6)
707 creatures vanquished.

Vanquished Creatures (others)
  An orc wizard (D:6)
  66 fungi
  136 plants
203 creatures vanquished.

Grand Total: 910 creatures vanquished

Notes
Turn   | Place    | Note
-------+----------+-------------------------------------------
     0 | D:1      | CannotBeFrozen the Demigod Fighter began the quest for the
                  | Orb.
     0 | D:1      | Reached XP level 1. HP: 18/18 MP: 3/3
   124 | D:1      | Reached skill level 2 in Long Blades
   172 | D:1      | Reached XP level 2. HP: 19/25 MP: 4/4
  1240 | D:1      | Reached XP level 3. HP: 31/31 MP: 5/5
  1572 | D:2      | Noticed Robin
  1608 | D:2      | Killed Robin
  2078 | D:2      | Noticed Natasha
  2115 | D:2      | Killed Natasha
  2116 | D:2      | Reached XP level 4. HP: 34/38 MP: 6/6
  2174 | D:2      | Reached skill level 3 in Long Blades
  2364 | D:2      | Noticed Terence
  2370 | D:2      | Killed Terence
  2754 | D:3      | Reached XP level 5. HP: 45/45 MP: 7/7
  3051 | D:3      | Found a glowing drain.
  3066 | Sewer    | Entered a sewer
  3183 | Sewer    | Noticed a water moccasin
  3197 | Sewer    | Killed a water moccasin
  3198 | Sewer    | Reached XP level 6. HP: 51/53 MP: 8/8
  3306 | D:3      | Reached skill level 5 in Fighting
  4649 | D:4      | Found a transporter.
  4664 | D:4      | Found a transporter.
  4694 | D:4      | Learned a level 2 spell: Blink
  4780 | D:4      | Reached XP level 7. HP: 54/64 MP: 9/9
  4814 | D:4      | Reached skill level 4 in Long Blades
  5524 | D:5      | Entered Level 5 of the Dungeon
  5554 | D:5      | Reached skill level 5 in Long Blades
  5972 | D:5      | Reached skill level 6 in Long Blades
  6065 | D:5      | Reached XP level 8. HP: 71/71 MP: 10/10
  6502 | D:6      | Reached skill level 7 in Long Blades
  6761 | D:6      | Identified the +0 trident "Goaklaz" {drain, Int+4}
  7210 | D:6      | Reached skill level 8 in Long Blades
  7967 | D:7      | Reached XP level 9. HP: 47/78 MP: 11/11
  8024 | D:7      | Found a flagged portal.
  8138 | Bailey   | Entered a bailey
  8587 | Bailey   | Noticed an orc knight
  8626 | Bailey   | HP: 3/73 [orc knight/+0 halberd (15)]
  8630 | Bailey   | Killed an orc knight
  8631 | Bailey   | Reached skill level 9 in Long Blades
  9213 | D:7      | Found a staircase to the Ecumenical Temple.
  9330 | D:7      | Reached skill level 5 in Shields
  9480 | D:7      | Noticed a komodo dragon
  9489 | D:7      | Killed a komodo dragon
  9490 | D:7      | Reached skill level 5 in Armour
  9577 | D:7      | Found Xin Xupsuod's Weapon Shop.
  9940 | D:8      | Noticed Psyche
  9976 | D:8      | Found Qexibrugu's Serpentskin Sales.
 10295 | D:8      | Noticed Gastronok
 10341 | D:8      | Killed Gastronok
 10342 | D:8      | Reached skill level 10 in Long Blades
 10342 | D:8      | Reached skill level 1 in Dodging
 10342 | D:8      | Reached XP level 10. HP: 40/88 MP: 13/13
 10602 | D:8      | Acquired the +7 Singing Sword {vorpal, sonic wave}
 10602 | D:8      | Found the +7 Singing Sword {vorpal, sonic wave}
 10718 | D:8      | Noticed Joseph
 10720 | D:8      | Noticed Maggie
 10728 | D:8      | Killed Maggie
 10730 | D:8      | Killed Joseph
 10867 | D:8      | Killed Psyche
 11541 | D:9      | Found a staircase to the Lair.
 12205 | D:9      | Found a staircase to the Orcish Mines.
 12375 | D:10     | Entered Level 10 of the Dungeon
 12484 | D:10     | Noticed Sonja
 12488 | D:10     | Killed Sonja
 12934 | D:10     | Reached XP level 11. HP: 95/95 MP: 14/14
 13059 | D:10     | Reached skill level 11 in Long Blades
 13668 | D:11     | Noticed a six-headed hydra
 14120 | Orc:1    | Entered Level 1 of the Orcish Mines
 14130 | Orc:1    | Noticed an orc warlord
 14282 | Lair:1   | Entered Level 1 of the Lair of Beasts
 15994 | Lair:2   | Noticed a four-headed hydra
 16013 | Lair:2   | Killed a one-headed hydra
 16014 | Lair:2   | Reached skill level 1 in Evocations
 16085 | Lair:2   | Noticed a catoblepas
 16097 | Lair:2   | Killed a catoblepas
 16377 | Lair:2   | Noticed Erica
 16384 | Lair:2   | Killed Erica
 16579 | Lair:2   | Reached skill level 12 in Long Blades
 16586 | Lair:2   | Reached skill level 5 in Dodging
 16876 | D:11     | Killed a two-headed hydra
 17095 | D:11     | Reached XP level 12. HP: 20/104 MP: 15/15
 17646 | D:11     | Reached skill level 1 in Spellcasting
 17664 | D:11     | Noticed a boulder beetle
 17674 | D:11     | Killed a boulder beetle
 17675 | D:11     | Reached skill level 1 in Translocations
 18864 | D:12     | Noticed a boulder beetle
 18876 | D:12     | Killed a boulder beetle
 18877 | D:12     | Reached skill level 5 in Translocations
 18940 | D:12     | Reached skill level 10 in Fighting
 19962 | Lair:3   | Found a staircase to the Shoals.
 20689 | Lair:4   | Noticed an eight-headed hydra
 20721 | Lair:4   | Found a staircase to the Snake Pit.
 20824 | Lair:4   | Found a gate leading to a gauntlet.
 20833 | Gauntlet | Entered a Gauntlet
 20833 | Gauntlet | Found a transporter.
 20833 | Gauntlet | Found a transporter.
 20842 | Gauntlet | Found a transporter.
 20845 | Gauntlet | Found a transporter.
 20854 | Gauntlet | Found a transporter.
 20858 | Gauntlet | Found a transporter.
 20862 | Gauntlet | Found a runed translucent door.
 20862 | Gauntlet | Found a runed translucent door.
 20866 | Gauntlet | Found a transporter.
 20879 | Gauntlet | Noticed a green death
 20882 | Gauntlet | Found a transporter.
 20896 | Gauntlet | Found a transporter.
 20900 | Gauntlet | Found a transporter.
 20908 | Gauntlet | Found a transporter.
 20912 | Gauntlet | Found a transporter.
 21274 | Gauntlet | Killed a green death
 21275 | Gauntlet | Reached skill level 13 in Long Blades
 21295 | Gauntlet | Identified the ring of Surprise {Ice rElec Will+ Str+3
                  | Slay-6}
 21467 | Gauntlet | Identified the +1 scale mail of Starshine {rElec rCorr
                  | Int-5}
 21467 | Gauntlet | Noticed a minotaur
 21479 | Gauntlet | Killed a minotaur
 21480 | Gauntlet | Reached XP level 13. HP: 113/113 MP: 21/21
 22051 | Lair:4   | Found a transporter.
 22122 | Lair:4   | Found a transporter.
 22127 | Lair:4   | Identified the +0 scale mail of Enack {rPois rF- Int+4}
 22581 | Lair:5   | Found a runed translucent gate.
 22582 | Lair:5   | Noticed atomjack2's ghost (journeyman FoAM)
 22592 | Lair:5   | Found a runed translucent gate.
 22593 | Lair:5   | Found a runed translucent gate.
 22626 | Lair:5   | Killed atomjack2's ghost
 22669 | Lair:5   | Reached skill level 14 in Long Blades
 23681 | Lair:6   | Entered Level 6 of the Lair of Beasts
 23796 | Lair:6   | Noticed capka3m's ghost (journeyman MeTm)
 24083 | Lair:6   | Found a transporter.
 24096 | Lair:6   | Found a transporter.
 24869 | Lair:6   | Reached skill level 10 in Shields
 24923 | Lair:6   | Reached skill level 15 in Long Blades
 25862 | Lair:6   | Noticed a spark wasp
 25876 | Lair:6   | Killed a spark wasp
 26228 | Lair:6   | Reached XP level 14. HP: 104/121 MP: 22/22
 26344 | Lair:6   | Found a one-way gate to the infinite horrors of the Abyss.
 26485 | Lair:6   | Reached skill level 16 in Long Blades
 26509 | Lair:6   | Killed capka3m's ghost
 26666 | Lair:4   | Identified the +2 hat of Kilothrix {-Cast Fly rF++}
 27152 | D:9      | Killed an orc warlord
 27958 | Orc:2    | Entered Level 2 of the Orcish Mines
 28367 | Orc:2    | Noticed Urug
 28368 | Orc:2    | Noticed Blork the orc
 28598 | Orc:2    | Killed Urug
 28603 | Orc:2    | Killed Blork the orc
 28983 | Orc:2    | Noticed an orc warlord
 29027 | Orc:1    | Killed an orc warlord
 29786 | Orc:2    | Found a staircase to the Elven Halls.
 29888 | Orc:2    | Found Jejovvo's Book Emporium.
 29897 | Orc:2    | Found Nuphug's Antique Weapon Emporium.
 30243 | Orc:2    | Found Esitz's Antique Armour Emporium.
 30259 | Orc:2    | Found Pierchuk's General Store.
 30266 | Orc:2    | Bought the ring of Suspected Treachery {rElec rPois Dex+3}
                  | for 564 gold pieces
 30658 | Snake:1  | Entered Level 1 of the Snake Pit
 31118 | Snake:1  | Identified the +6 ring mail "Forget-Me-Not" {Will- Regen+
                  | SInv Stlth+}
 31524 | Orc:2    | Bought a runed scarf for 272 gold pieces
 31712 | Snake:1  | Reached skill level 10 in Armour
 33031 | Snake:1  | Upgraded the game from 0.29-a0-847-g24c0ca63c9 to
                  | 0.29-a0-866-g0545e20025
 33465 | Snake:1  | Reached skill level 10 in Dodging
 33471 | Snake:1  | Reached XP level 15. HP: 12/126 MP: 1/23
 33471 | Snake:1  | HP: 1/126 [salamander mystic/bolt of magma (11)]
 33971 | Snake:1  | Learned a level 3 spell: Lesser Beckoning
 33977 | Snake:1  | Learned a level 5 spell: Manifold Assault
 34078 | Snake:1  | You fall into a shaft and drop 1 floor!
 34081 | Snake:2  | Noticed Donald
 34094 | Snake:2  | Annihilated by Donald

Illustrated notes

Levels and vault maps discovered:
D:1:      minmay_arrival_doors, layout_loops_ring, minmay_unequal
D:2:      layout_basic, uniq_robin, uniq_natasha, uniq_terence
D:3:      layout_loops_ring, nicolae_ecumenical_snake_handling,
          portal_sewer_entry_b
D:4:      layout_cave_pods, mainiacjoe_overflow_chevrons,
          gammafunk_temple_overflow_arena, minmay_misc_feat_plants
D:5:      layout_cave_pools, serial_park, serial_park_tiny_pond,
          serial_park_square1 [serial_park_minivault_5x5_2], serial_park_square1
          [serial_park_minivault_5x5_6], serial_park_tiny_2, lemuel_flame_loot_1
D:6:      layout_loops_corners, worldfamousw_hep_ancestral_shrine,
          lemuel_zombie_altar_yredelemnul, hangedman_ru_absence
D:7:      corexii_shack_village, layout_rooms, cheibrodos_ashenzari_chains,
          minmay_temple_entry_trees, enter_bailey_8, nicolae_inconvenience_store
D:8:      lemuel_ice_spiral_2, layout_rooms, mainiacjoe_overflow_boulevard,
          guppyfry_shop_venom, uniq_gastronok, uniq_psyche, uniq_maggie,
          uniq_joseph
D:9:      layout_loops_ring, lair_entry_dummy, erik_orc_1, st_stairs_7,
          roderic_lattice_a
D:10:     layout_stronghold, hangedman_feature_mirror, uniq_sonja
D:11:     erik_rubicon_a, layout_irregular_city, vehumet_statue
D:12:     layout_basic, pond
Lair:1:   layout_layer_cave, serial_bayou_lagoon_a, wad_woods_02
Lair:2:   layout_cave_shapes, minmay_stone_trees_small, uniq_erica
Lair:3:   layout_gridlike, elwin_shoals_entry_rocks, infiniplex_staircase_pool
Lair:4:   gammafunk_cloud_chamber, layout_regular_city,
          minmay_snake_entry_spellcaster, gauntlet_entry_generic
Lair:5:   layout_misc_corridors, ebering_ghost_rock_garden
Lair:6:   hellmonk_lair_end_abyssal_woods, layout_regular_city,
          minmay_slime_entry_oklob_enclosed, gammafunk_ghost_arena,
          small_statue_intersection, tgw_fedhas, lemuel_fruit_fields
Snake:1:  cheibrodos_snake_lava_hold, layout_basic, nicolae_snake_single_loop,
          st_stairs_11, drop_trap, serial_bayou_shore_b, lemuel_fruit_tree
Snake:2:  layout_onion_interference, basic_altar, nicolae_snake_gridmaze_spiral,
          uniq_donald
Orc:1:    orc_temple, layout_caves
Orc:2:    grunt_orc_cross, layout_caves, bloody_makhleb

Skill      XL: |  1  2  3  4  5  6  7  8  9 10 11 12 13 14 |
---------------+-------------------------------------------+-----
Long Blades    | 2 3 6 8 10 12 13 15 16 | 16.0
Fighting       | 3 4 6 7 8 9 10 | 10.0
Shields        | 3 4 5 6 7 8 10 | 10.0
Armour         | 3 4 5 6 7 10 | 10.0
Dodging        | 1 3 5 10 | 10.0
Evocations     | 2 3 |  3.0
Spellcasting   | 3 |  3.0
Translocations | 5 |  5.0

Action                   |  1- 3 |  4- 6 |  7- 9 | 10-12 | 13-15 || total
-------------------------+-------+-------+-------+-------+-------++-------
Melee: Long sword        |   103 |       |       |       |       ||   103
       Short sword       |    56 |   212 |    47 |       |       ||   315
       Scimitar          |       |       |   312 |     5 |    37 ||   354
       Double sword      |       |       |       |   429 |   614 ||  1043
       Broad axe         |       |       |       |     8 |       ||     8
Throw: Stone             |     2 |       |       |       |       ||     2
       Boomerang         |       |     1 |       |       |       ||     1
       Dart              |       |     2 |    10 |    19 |     5 ||    36
 Cast: Blink             |       |       |       |     1 |     3 ||     4
Evoke: Wand              |       |       |     1 |    10 |     8 ||    19
  Use: Scroll            |       |     7 |     7 |    15 |     5 ||    34
       Potion            |       |       |     3 |     2 |    10 ||    15
 Stab: Sleeping          |       |       |       |     2 |     4 ||     6
       Paralysed         |       |       |       |     1 |     2 ||     3
       Distracted        |       |       |       |       |     2 ||     2
Armor: Scale mail        |    62 |    79 |   156 |       |       ||   297
       Steam dragon scal |       |       |     4 |     1 |       ||     5
       Swamp dragon scal |       |       |       |   116 |    87 ||   203
       Skin              |       |       |       |     3 |       ||     3
       Plate armour      |       |       |       |       |    77 ||    77
       Acid dragon scale |       |       |       |       |    45 ||    45
Dodge: Dodged            |    70 |    73 |   114 |   245 |   296 ||   798
Block: Buckler           |    36 |    53 |   114 |   180 |   201 ||   584
       Kite shield       |       |       |       |       |    87 ||    87

Table legend: (Time is in decaauts)
 A = Elapsed time spent in this place.
 B = Non-inter-level travel time spent in this place.
 C = Inter-level travel time spent in this place.
 D = Time resting spent in this place.
 E = Time spent auto-exploring this place.
 F = Levels seen in this place.
 G = Mean time per level.
                   A        B        C        D        E       F      G
               +--------+--------+--------+--------+--------+-----+--------+
         Total |  34039 |  32124 |   1915 |  10937 |  13466 |  25 | 1361.6 |
       Dungeon |  16435 |  15322 |   1113 |   4356 |   6910 |  12 | 1369.6 |
          Lair |   9734 |   9073 |    661 |   2904 |   4408 |   6 | 1622.3 |
     Snake Pit |   2856 |   2841 |     15 |   1569 |    657 |   2 | 1428.0 |
  Orcish Mines |   3130 |   3006 |    124 |   1326 |   1107 |   2 | 1565.0 |
         Sewer |    209 |    209 |      0 |     50 |     51 |   1 |  209.0 |
        Bailey |    928 |    928 |      0 |    469 |    182 |   1 |  928.0 |
      Gauntlet |    743 |    743 |      0 |    262 |    151 |   1 |  743.0 |
               +--------+--------+--------+--------+--------+-----+--------+

Top non-repeatable levels by time:
 Snake:1: 2841 daAuts
     D:9: 2227 daAuts
  Lair:6: 2099 daAuts
  Lair:1: 1922 daAuts
  Lair:5: 1915 daAuts
    D:10: 1630 daAuts
   Orc:1: 1601 daAuts
  Lair:4: 1594 daAuts
     D:4: 1552 daAuts
   Orc:2: 1529 daAuts
     D:1: 1416 daAuts
     D:6: 1356 daAuts
    D:11: 1327 daAuts
     D:3: 1315 daAuts
     D:2: 1289 daAuts
